Sasquatch vs Condors

Created - December 23, 2020 at 19:17

Goals
1 2 3 T
Sasquatch 1 4 0 5
Condors 0 2 1 3
Shots
1 2 3 T
Sasquatch 10 16 7 33
Condors 12 18 12 42

1st period

1. Sasquatch , Sergey Kalinin 4 (Teemu Hartikainen 10) at 15:31

Penalties :
Valentin Zykov (Gat) for Interference (Minor) at 2:29, Patrick Wey (Gat) for Hooking (Minor) at 19:17

2nd period

2. Sasquatch , Teemu Hartikainen 8 (Sam Reinhart 8, Patrick Wey 13) at 9:16
3. Condors , Daniel Zaar 14 (Tyler Bozak 14) at 10:31
4. Sasquatch , Sergey Kalinin 5 (Alex Iafallo 8) at 11:23
5. Sasquatch , Petr Straka 11 (Alex Iafallo 9, Brandon Montour 10) at 11:56
6. Condors , Mikko Lehtonen 8 (Carl Gunnarsson 17, Frederik Gauthier 21) at 16:02 (PP)
7. Sasquatch , Petr Straka 12 (Alex Iafallo 10, Dmitri Orlov 9) at 18:10

Penalties :
Brandon Montour (Gat) for Roughing (Minor) at 15:24

3rd period

8. Condors , Daniel Zaar 15 (Brett Lernout 5, C.J Suess 7) at 17:45

Penalties :
Mark Jankowski (Bak) for Elbowing (Minor) at 9:23, Tyler Bozak (Bak) for Holding (Minor) at 18:07

Goalie Stats

Joonas Korpisalo (Gat), 39 saves from 42 shots - (0.929), W, 8-8-4, 60:00 minutes
Mike Smith (Bak), 14 saves from 18 shots - (0.778), L, 1-2-1, 31:56 minutes
Mark Visentin (Bak), 14 saves from 15 shots - (0.933), 28:04 minutes

Players Stats for Sasquatch

Player Name              G  A  P  +/- PIM S  H  SB GA TA FO     MP     PP MP  PK MP  
------------------------------------------------------------------------------------
Alex Iafallo             0  3  3   2  0   0  0  0  0  0  1/1    14:57   0:06   0:18 
Brandon Montour          0  1  1   2  2   5  2  2  3  1  0/0    25:25   2:30   2:32 
Brett Pesce              0  0  0  -1  0   0  3  1  0  1  0/0    16:23   1:21   0:00 
Devin Shore              0  0  0   0  0   0  1  1  0  0  12/22  18:42   2:13   1:19 
Dmitri Orlov             0  1  1   1  0   0  1  0  0  0  0/0    17:41   1:21   0:28 
Hudson Fasching          0  0  0  -2  0   0  0  0  0  0  0/0     8:56   0:06   0:00 
Jack Roslovic            0  0  0  -2  0   3  0  0  0  0  1/2     8:30   0:00   0:03 
Jujhar Khaira            0  0  0   0  0   4  0  1  5  0  0/1    21:21   1:32   3:14 
Martin Marincin          0  0  0   0  0   0  1  2  0  1  0/0    17:23   0:00   3:10 
Mirco Mueller            0  0  0   2  0   0  3  1  0  0  0/0    17:21   0:00   1:26 
Patrick Wey              0  1  1   2  2   1  2  1  0  2  0/0    26:10   2:30   1:36 
Petr Straka              2  0  2   2  0   3  4  0  1  0  0/1    15:38   1:32   0:00 
Sam Reinhart             0  1  1   3  0   2  0  0  0  0  0/1    11:11   0:00   0:00 
Sergey Kalinin           2  0  2   3  0   5  1  1  1  1  6/12   16:32   0:00   3:14 
T.J. Tynan               0  0  0   2  0   0  1  0  0  0  9/12   15:38   1:32   0:00 
Teemu Hartikainen        1  1  2   3  0   5  2  1  0  0  0/2    13:46   0:06   1:04 
Timo Meier               0  0  0   0  0   1  4  0  1  1  2/3    17:19   2:13   0:00 
Valentin Zykov           0  0  0  -2  2   4  2  0  1  0  0/0    12:28   2:13   0:00 

Players Stats for Condors

Player Name              G  A  P  +/- PIM S  H  SB GA TA FO     MP     PP MP  PK MP  
------------------------------------------------------------------------------------
Adam Erne                0  0  0   1  0   0  0  0  0  0  0/0     3:58   0:02   0:00 
Alex Tuch                0  0  0  -2  0   2  2  0  1  1  0/0    13:01   0:00   0:00 
Anders Bjork             0  0  0   0  0   0  0  0  0  0  0/0     0:15   0:02   0:00 
Andrew Mangiapane        0  0  0  -2  0   2  3  0  0  0  0/0    17:59   1:25   1:08 
Anton Slepyshev          0  0  0  -1  0   5  0  0  0  1  0/1    18:46   3:09   0:00 
Brett Lernout            0  1  1   1  0   4  0  0  0  1  0/0    10:16   0:00   0:00 
C.J Suess                0  1  1   2  0   0  0  0  0  0  0/0     7:20   0:00   0:00 
Carl Gunnarsson          0  1  1  -1  0   0  3  4  1  2  0/0    25:19   3:15   2:24 
Chris Bigras             0  0  0  -3  0   0  1  0  0  0  0/0    17:20   1:21   1:27 
Christian Thomas         0  0  0  -2  0   2  2  0  1  1  0/0    13:18   0:00   0:17 
Daniel Zaar              2  0  2   2  0   5  0  0  1  0  0/0     7:20   0:00   0:00 
Emil Djuse               0  0  0   0  0   0  0  0  0  0  0/0     0:00   0:00   0:00 
Eric Gustafsson          0  0  0  -1  0   4  1  0  1  2  0/0    25:19   3:15   2:24 
Erik Cernak              0  0  0   0  0   0  0  1  0  0  0/0     7:05   0:00   0:00 
Frederik Gauthier        0  1  1  -2  0   1  0  1  1  0  5/13   17:11   1:27   0:55 
Gustav Olofsson          0  0  0   0  0   0  0  0  0  0  0/0     7:05   0:00   0:00 
Jacob Larsson            0  0  0   0  0   0  0  0  0  0  0/0     0:00   0:00   0:00 
Jordan Subban            0  0  0   0  0   0  0  0  0  0  0/0     0:00   0:00   0:00 
Marc-André Bourdon       0  0  0   1  0   0  0  0  0  0  0/0    10:16   0:00   0:00 
Mark Jankowski           0  0  0  -2  2   3  2  0  0  2  4/5    14:18   0:00   0:49 
Mikko Lehtonen           1  0  1  -2  0   3  1  0  1  0  0/0    16:45   1:25   0:32 
Nail Yakupov             0  0  0  -1  0   1  1  0  0  1  2/2    20:40   3:09   1:54 
Nick Merkley             0  0  0   0  0   0  0  0  0  0  1/1     1:52   0:00   1:06 
Tyler Bozak              0  1  1   0  2   10 2  1  0  1  14/35  23:24   3:09   1:01 
Zac Leslie               0  0  0  -3  0   0  1  0  0  0  0/0    17:20   1:21   1:27 

3 Stars

1 - Petr Straka (Gat)
2 - Sergey Kalinin (Gat)
3 - Teemu Hartikainen (Gat)

Power Play

Sasquatch - 0 on 2 Attempt(s) - 0.00%
Condors - 1 on 3 Attempt(s) - 33.33%

Penalty Kill

Sasquatch - 2 on 3 Attempt(s) - 66.67% - Score 0 goal in Penalty Kill
Condors - 2 on 2 Attempt(s) - 100.00% - Score 0 goal in Penalty Kill

Team Stat

Sasquatch - Hits : 27 - Faceoff Wins : 31 - Blocked Shots : 11 - Penalty Minutes : 6
Condors - Hits : 19 - Faceoff Wins : 26 - Blocked Shots : 7 - Penalty Minutes : 4

Official

Referees : Unknown
Linesman : Unknown

Game Notes

Mark Visentin enters game at 11:56 of 2nd period

Finance

Level 1 -- Attendance: 1360 (68.00%) -- Ticket Income $54,400
Level 2 -- Attendance: 662 (66.20%) -- Ticket Income $13,240
Total Attendance: 2022 (67.40%)
Total Ticket Income: $67,640
Other Income: $3,382
Total Income: $71,022

Sasquatch

5 vs 5 Forward 
   Center                   Left Wing                Right Wing               Time % Phy DF OF 
 1 Devin Shore              Jujhar Khaira            Timo Meier               40     1   2  2  
 2 T.J. Tynan               Alex Iafallo             Petr Straka              30     1   2  2  
 3 Sergey Kalinin           Teemu Hartikainen        Sam Reinhart             20     1   2  2  
 4 Jack Roslovic            Valentin Zykov           Hudson Fasching          10     1   2  2  

5 vs 5 Defense 
   Defense                  Defense                                           Time % Phy DF OF 
 1 Patrick Wey              Brandon Montour                                   40     1   2  2  
 2 Martin Marincin          Brett Pesce                                       30     1   2  2  
 3 Mirco Mueller            Dmitri Orlov                                      20     1   2  2  
 4 Brandon Montour          Patrick Wey                                       10     1   2  2  

PowerPlay Forward 
   Center                   Left Wing                Right Wing               Time % Phy DF OF 
 1 Devin Shore              Valentin Zykov           Timo Meier               60     1   2  2  
 2 T.J. Tynan               Jujhar Khaira            Petr Straka              40     1   2  2  

PowerPlay Defense
   Defense                  Defense                                           Time % Phy DF OF 
 1 Brandon Montour          Patrick Wey                                       60     1   2  2  
 2 Dmitri Orlov             Brett Pesce                                       40     1   2  2  

Penalty Kill 4 Players Forward 
   Center                   Wing                     Time % Phy DF OF 
 1 Sergey Kalinin           Jujhar Khaira            60     1   2  2  
 2 Devin Shore              Teemu Hartikainen        40     1   2  2  

Penalty Kill 4 Players Defense
   Defense                  Defense                  Time % Phy DF OF 
 1 Martin Marincin          Brandon Montour          60     1   2  2  
 2 Mirco Mueller            Patrick Wey              40     1   2  2  

Penalty Kill - 3 Players Forward 
   Forward                                           Time % Phy DF OF 
 1 Sergey Kalinin                                    60     1   2  2  
 2 T.J. Tynan                                        40     1   2  2  

Penalty Kill - 3 Players Defense
   Defense                  Defense                  Time % Phy DF OF 
 1 Brandon Montour          Martin Marincin          60     1   2  2  
 2 Mirco Mueller            Patrick Wey              40     1   2  2  

4 vs 4 Forward 
   Center                   Wing                     Time % Phy DF OF 
 1 Sergey Kalinin           Jujhar Khaira            60     1   2  2  
 2 Devin Shore              Teemu Hartikainen        40     1   2  2  

4 vs 4 Defense
   Defense                  Defense                  Time % Phy DF OF 
 1 Martin Marincin          Brandon Montour          60     1   2  2  
 2 Brett Pesce              Patrick Wey              40     1   2  2  

Last Minutes Offensive
   Center                   Left Wing                Right Wing               Defense                  Defense                  
   Devin Shore              Jujhar Khaira            Timo Meier               Brett Pesce              Patrick Wey              

Last Minutes Defensive
   Center                   Left Wing                Right Wing               Defense                  Defense                  
   Sergey Kalinin           Teemu Hartikainen        Jujhar Khaira            Brandon Montour          Martin Marincin          

Goaltenders
Starting : Joonas Korpisalo         
Backup : Anders Nilsson           

Extra Forwards
Normal : Teemu Hartikainen, Jujhar Khaira, Sergey Kalinin - PP : Teemu Hartikainen, Jujhar Khaira - PK : Devin Shore
Extra Defensemen
Normal : Patrick Wey, Brett Pesce, Mirco Mueller - PP : Martin Marincin - PK : Patrick Wey, Brandon Montour
Penalty Shots
Jack Roslovic, Devin Shore, Petr Straka, T.J. Tynan, Valentin Zykov

Scratches
Roope Hintz (Healthy), Ethan Bear (Healthy), Nikita Nesterov (Healthy), Christoffer Ehn (Healthy), Dylan Sikura (Healthy)
Alex Lintuniemi (Healthy), Cal Petersen (Healthy)

Condors

5 vs 5 Forward 
   Center                   Left Wing                Right Wing               Time % Phy DF OF 
 1 Tyler Bozak              Anton Slepyshev          Nail Yakupov             40     1   2  2  
 2 Frederik Gauthier        Andrew Mangiapane        Mikko Lehtonen           30     1   2  2  
 3 Mark Jankowski           Christian Thomas         Alex Tuch                20     1   2  2  
 4 Tyler Bozak              C.J Suess                Daniel Zaar              10     1   2  2  

5 vs 5 Defense 
   Defense                  Defense                                           Time % Phy DF OF 
 1 Carl Gunnarsson          Eric Gustafsson                                   40     1   2  2  
 2 Zac Leslie               Chris Bigras                                      30     1   2  2  
 3 Marc-André Bourdon       Brett Lernout                                     20     1   2  2  
 4 Gustav Olofsson          Erik Cernak                                       10     1   2  2  

PowerPlay Forward 
   Center                   Left Wing                Right Wing               Time % Phy DF OF 
 1 Tyler Bozak              Anton Slepyshev          Nail Yakupov             60     1   2  2  
 2 Frederik Gauthier        Andrew Mangiapane        Mikko Lehtonen           40     1   2  2  

PowerPlay Defense
   Defense                  Defense                                           Time % Phy DF OF 
 1 Carl Gunnarsson          Eric Gustafsson                                   60     1   2  2  
 2 Zac Leslie               Chris Bigras                                      40     1   2  2  

Penalty Kill 4 Players Forward 
   Center                   Wing                     Time % Phy DF OF 
 1 Tyler Bozak              Nail Yakupov             60     1   2  2  
 2 Frederik Gauthier        Mikko Lehtonen           40     1   2  2  

Penalty Kill 4 Players Defense
   Defense                  Defense                  Time % Phy DF OF 
 1 Carl Gunnarsson          Eric Gustafsson          60     1   2  2  
 2 Zac Leslie               Chris Bigras             40     1   2  2  

Penalty Kill - 3 Players Forward 
   Forward                                           Time % Phy DF OF 
 1 Tyler Bozak                                       60     1   2  2  
 2 Nail Yakupov                                      40     1   2  2  

Penalty Kill - 3 Players Defense
   Defense                  Defense                  Time % Phy DF OF 
 1 Carl Gunnarsson          Eric Gustafsson          60     1   2  2  
 2 Zac Leslie               Chris Bigras             40     1   2  2  

4 vs 4 Forward 
   Center                   Wing                     Time % Phy DF OF 
 1 Tyler Bozak              Nail Yakupov             60     1   2  2  
 2 Frederik Gauthier        Mikko Lehtonen           40     1   2  2  

4 vs 4 Defense
   Defense                  Defense                  Time % Phy DF OF 
 1 Carl Gunnarsson          Eric Gustafsson          60     1   2  2  
 2 Zac Leslie               Chris Bigras             40     1   2  2  

Last Minutes Offensive
   Center                   Left Wing                Right Wing               Defense                  Defense                  
   Tyler Bozak              Anton Slepyshev          Nail Yakupov             Carl Gunnarsson          Eric Gustafsson          

Last Minutes Defensive
   Center                   Left Wing                Right Wing               Defense                  Defense                  
   Tyler Bozak              Anton Slepyshev          Nail Yakupov             Carl Gunnarsson          Eric Gustafsson          

Goaltenders
Starting : Mike Smith               
Backup : Mark Visentin            

Extra Forwards
Normal : Adam Erne, Anders Bjork, Nick Merkley - PP : Adam Erne, Anders Bjork - PK : Nick Merkley
Extra Defensemen
Normal : Emil Djuse, Jordan Subban, Jacob Larsson - PP : Emil Djuse - PK : Jordan Subban, Jacob Larsson
Penalty Shots
Tyler Bozak, Nail Yakupov, Frederik Gauthier, Mikko Lehtonen, Anton Slepyshev

Scratches
Louis Leblanc (Bruised Left Shoulder Injury), Cole Cassels (Healthy), Jeremy Gregoire (Healthy), Connor Hurley (Left Hand Injury), Remi Elie (Healthy)
Brett Ritchie (Healthy), Hunter Smith (Healthy), Mackenzie Blackwood (Healthy), Jack Campbell (Healthy)

% Time on Ice - Sasquatch

Lines # - Real PCT - Wanted PCT - Time Play
Normal Forward
1 - 34% - 40% - 17:39
2 - 28% - 30% - 14:25
3 - 22% - 20% - 11:11
4 - 16% - 10% - 8:18
Normal Defense
1 - 37% - 40% - 19:01
2 - 34% - 30% - 17:38
3 - 25% - 20% - 12:57
4 - 4% - 10% - 1:57
PP Forward
1 - 60% - 60% - 2:19
2 - 40% - 40% - 1:32
PP Defense
1 - 65% - 60% - 2:30
2 - 35% - 40% - 1:21
PK Forward
1 - 77% - 60% - 3:32
2 - 23% - 40% - 1:04
PK Defense
1 - 69% - 60% - 3:10
2 - 31% - 40% - 1:26
PK3 Forward
1 - 0% - 60%
2 - 0% - 40%
PK3 Defense
1 - 0% - 60%
2 - 0% - 40%
44 Forward
1 - 0% - 60%
2 - 0% - 40%
44 Defense
1 - 0% - 60%
2 - 0% - 40%
Last Minute Offensive  - 0:00
Last Minute Defensive  - 0:00
Total
Forward - 60:00
Defense - 60:00

% Time on Ice - Condors

Lines # - Real PCT - Wanted PCT - Time Play
Normal Forward
1 - 32% - 40% - 16:23
2 - 29% - 30% - 14:49
3 - 25% - 20% - 13:01
4 - 14% - 10% - 7:20
Normal Defense
1 - 38% - 40% - 19:40
2 - 28% - 30% - 14:32
3 - 20% - 20% - 10:16
4 - 14% - 10% - 7:05
PP Forward
1 - 68% - 60% - 3:09
2 - 32% - 40% - 1:27
PP Defense
1 - 71% - 60% - 3:15
2 - 29% - 40% - 1:21
PK Forward
1 - 86% - 60% - 3:19
2 - 14% - 40% - 0:32
PK Defense
1 - 62% - 60% - 2:24
2 - 38% - 40% - 1:27
PK3 Forward
1 - 0% - 60%
2 - 0% - 40%
PK3 Defense
1 - 0% - 60%
2 - 0% - 40%
44 Forward
1 - 0% - 60%
2 - 0% - 40%
44 Defense
1 - 0% - 60%
2 - 0% - 40%
Last Minute Offensive  - 0:00
Last Minute Defensive  - 0:00
Total
Forward - 60:00
Defense - 60:00

Play-by-Play

1st period


0:01 of 1st period - Devin Shore wins face-off versus Tyler Bozak in neutral zone.
0:04 of 1st period - Slapshot by Timo Meier.
0:04 of 1st period - Shot Blocked by Carl Gunnarsson.
0:06 of 1st period - Slapshot by Brandon Montour.
0:06 of 1st period - Stopped by Mike Smith with a rebound.
0:08 of 1st period - Slapshot by Brandon Montour.
0:08 of 1st period - Shot Blocked by Tyler Bozak.
0:10 of 1st period - Slapshot by Patrick Wey.
0:10 of 1st period - Stopped by Mike Smith with a rebound.
0:12 of 1st period - Slapshot by Brandon Montour.
0:12 of 1st period - Shot Blocked by Carl Gunnarsson.
0:56 of 1st period - Off-side.
0:57 of 1st period - Mark Jankowski wins face-off versus Teemu Hartikainen in neutral zone.
1:04 of 1st period - Backhand shot by Christian Thomas.
1:04 of 1st period - Deflect By Alex Tuch.
1:04 of 1st period - Stopped by Joonas Korpisalo without a rebound.
1:05 of 1st period - Mark Jankowski wins face-off versus Sergey Kalinin in Sasquatch zone.
1:25 of 1st period - Slapshot by Alex Tuch.
1:25 of 1st period - Stopped by Joonas Korpisalo without a rebound.
1:26 of 1st period - Tyler Bozak wins face-off versus Timo Meier in Sasquatch zone.
1:39 of 1st period - Snap shot by Tyler Bozak.
1:39 of 1st period - Stopped by Joonas Korpisalo with a rebound.
1:41 of 1st period - Slapshot by Brett Lernout.
1:41 of 1st period - Deflect By Martin Marincin.
1:41 of 1st period - Stopped by Joonas Korpisalo without a rebound.
1:42 of 1st period - Tyler Bozak wins face-off versus Petr Straka in Sasquatch zone.
2:29 of 1st period - Minor Penalty to Valentin Zykov for Interference.
2:30 of 1st period - Sergey Kalinin wins face-off versus Tyler Bozak in Sasquatch zone.
2:30 of 1st period - Sergey Kalinin is hit by Carl Gunnarsson.
2:46 of 1st period - Wrist shot by Sergey Kalinin.
2:46 of 1st period - Stopped by Mike Smith with a rebound.
3:48 of 1st period - Martin Marincin is hit by Tyler Bozak.
4:29 of 1st period - Penalty to Valentin Zykov is over, Valentin Zykov is back on ice.
4:47 of 1st period - Slapshot by Jujhar Khaira.
4:47 of 1st period - Stopped by Mike Smith with a rebound.
4:49 of 1st period - Snap shot by Jujhar Khaira.
4:49 of 1st period - Stopped by Mike Smith with a rebound.
4:51 of 1st period - Slapshot by Sergey Kalinin.
4:51 of 1st period - Stopped by Mike Smith with a rebound.
4:59 of 1st period - Snap shot by Christian Thomas.
4:59 of 1st period - Shot Blocked by Patrick Wey.
5:19 of 1st period - Christian Thomas is hit by Patrick Wey and loses puck.
5:30 of 1st period - Snap shot by Jujhar Khaira.
5:30 of 1st period - Shot Misses the Net.
5:50 of 1st period - Snap shot by Sergey Kalinin.
5:50 of 1st period - Shot Misses the Net.
6:23 of 1st period - Snap shot by Sergey Kalinin.
6:23 of 1st period - Stopped by Mike Smith with a rebound.
6:42 of 1st period - Snap shot by Jujhar Khaira.
6:42 of 1st period - Stopped by Mike Smith without a rebound.
6:43 of 1st period - T.J. Tynan wins face-off versus Tyler Bozak in Condors zone.
7:20 of 1st period - Snap shot by Andrew Mangiapane.
7:20 of 1st period - Stopped by Joonas Korpisalo with a rebound.
7:22 of 1st period - Snap shot by Mikko Lehtonen.
7:22 of 1st period - Stopped by Joonas Korpisalo without a rebound.
7:23 of 1st period - Frederik Gauthier wins face-off versus Teemu Hartikainen in Sasquatch zone.
7:36 of 1st period - Slapshot by Mikko Lehtonen.
7:36 of 1st period - Deflect By Brett Pesce.
7:36 of 1st period - Shot Misses the Net.
7:36 of 1st period - Puck is out of play.
7:37 of 1st period - Nail Yakupov wins face-off versus T.J. Tynan in Sasquatch zone.
7:38 of 1st period - Wrist shot by Anton Slepyshev.
7:38 of 1st period - Deflect By Tyler Bozak.
7:38 of 1st period - Stopped by Joonas Korpisalo without a rebound.
7:39 of 1st period - T.J. Tynan wins face-off versus Tyler Bozak in Sasquatch zone.
7:46 of 1st period - Tyler Bozak is hit by Petr Straka.
12:24 of 1st period - Dmitri Orlov is hit by Nail Yakupov and loses puck.
12:55 of 1st period - Wrist shot by Mikko Lehtonen.
12:55 of 1st period - Shot Misses the Net.
13:09 of 1st period - Snap shot by Anton Slepyshev.
13:09 of 1st period - Stopped by Joonas Korpisalo without a rebound.
13:10 of 1st period - Jack Roslovic wins face-off versus Frederik Gauthier in Sasquatch zone.
13:17 of 1st period - Eric Gustafsson is hit by Brandon Montour and loses puck.
13:38 of 1st period - Off-side.
13:39 of 1st period - Tyler Bozak wins face-off versus T.J. Tynan in neutral zone.
13:50 of 1st period - Snap shot by Tyler Bozak.
13:50 of 1st period - Shot Misses the Net.
13:52 of 1st period - Wrist shot by Tyler Bozak.
13:52 of 1st period - Stopped by Joonas Korpisalo without a rebound.
13:53 of 1st period - Devin Shore wins face-off versus Frederik Gauthier in Sasquatch zone.
14:51 of 1st period - Slapshot by Mark Jankowski.
14:51 of 1st period - Shot Misses the Net.
15:31 of 1st period - Snap shot by Sergey Kalinin.
15:31 of 1st period - Goal by Sergey Kalinin - Sasquatch : 1 - Condors : 0.
15:32 of 1st period - Tyler Bozak wins face-off versus Devin Shore in neutral zone.
16:51 of 1st period - Wrist shot by Tyler Bozak.
16:51 of 1st period - Stopped by Joonas Korpisalo without a rebound.
16:52 of 1st period - T.J. Tynan wins face-off versus Tyler Bozak in Sasquatch zone.
17:17 of 1st period - Sam Reinhart is hit by Andrew Mangiapane and loses puck.
17:24 of 1st period - Snap shot by Mikko Lehtonen.
17:24 of 1st period - Shot Misses the Net.
18:02 of 1st period - Snap shot by Jujhar Khaira.
18:02 of 1st period - Stopped by Mike Smith without a rebound.
18:03 of 1st period - Devin Shore wins face-off versus Frederik Gauthier in Condors zone.
18:17 of 1st period - Wrist shot by Mikko Lehtonen.
18:17 of 1st period - Shot Misses the Net.
18:19 of 1st period - Wrist shot by Andrew Mangiapane.
18:19 of 1st period - Shot Blocked by Devin Shore.
18:29 of 1st period - Nail Yakupov is hit by T.J. Tynan.
18:52 of 1st period - Icing by Mark Jankowski.
18:53 of 1st period - Mark Jankowski wins face-off versus Sam Reinhart in Condors zone.
18:53 of 1st period - Mark Jankowski is hit by Teemu Hartikainen.
19:00 of 1st period - Carl Gunnarsson is hit by Brett Pesce and loses puck.
19:03 of 1st period - Slapshot by Mark Jankowski.
19:03 of 1st period - Stopped by Joonas Korpisalo without a rebound.
19:04 of 1st period - Tyler Bozak wins face-off versus Devin Shore in Sasquatch zone.
19:12 of 1st period - Slapshot by Marc-André Bourdon.
19:12 of 1st period - Shot Blocked by Brandon Montour.
19:14 of 1st period - Slapshot by Brett Lernout.
19:14 of 1st period - Stopped by Joonas Korpisalo without a rebound.
19:15 of 1st period - Devin Shore wins face-off versus Tyler Bozak in Sasquatch zone.
19:17 of 1st period - Minor Penalty to Patrick Wey for Hooking.
19:18 of 1st period - Sergey Kalinin wins face-off versus Tyler Bozak in Sasquatch zone.
Goals for this period are 1 for Sasquatch vs 0 for Condors.
Shots for this period are 10 for Sasquatch vs 12 for Condors.

2nd period


0:01 of 2nd period - Sergey Kalinin wins face-off versus Tyler Bozak in neutral zone.
0:13 of 2nd period - Snap shot by Anton Slepyshev.
0:13 of 2nd period - Deflect By Nail Yakupov.
0:13 of 2nd period - Shot Blocked by Martin Marincin.
0:13 of 2nd period - Puck is out of play.
0:14 of 2nd period - Tyler Bozak wins face-off versus Sergey Kalinin in Sasquatch zone.
0:19 of 2nd period - Wrist shot by Tyler Bozak.
0:19 of 2nd period - Stopped by Joonas Korpisalo without a rebound.
0:20 of 2nd period - Tyler Bozak wins face-off versus Sergey Kalinin in Sasquatch zone.
1:15 of 2nd period - Mirco Mueller is hit by Tyler Bozak and loses puck.
1:17 of 2nd period - Penalty to Patrick Wey is over, Patrick Wey is back on ice.
1:26 of 2nd period - Sergey Kalinin is hit by Zac Leslie and loses puck.
1:31 of 2nd period - Wrist shot by Alex Tuch.
1:31 of 2nd period - Shot Blocked by Jujhar Khaira.
1:33 of 2nd period - Snap shot by Mark Jankowski.
1:33 of 2nd period - Shot Misses the Net.
2:40 of 2nd period - Wrist shot by Teemu Hartikainen.
2:40 of 2nd period - Stopped by Mike Smith with a rebound.
3:37 of 2nd period - Slapshot by Carl Gunnarsson.
3:37 of 2nd period - Shot Blocked by Brandon Montour.
3:39 of 2nd period - Slapshot by Eric Gustafsson.
3:39 of 2nd period - Shot Misses the Net.
3:41 of 2nd period - Snap shot by Christian Thomas.
3:41 of 2nd period - Stopped by Joonas Korpisalo with a rebound.
3:53 of 2nd period - Anton Slepyshev is hit by Teemu Hartikainen and loses puck.
4:06 of 2nd period - Andrew Mangiapane is hit by Valentin Zykov and loses puck.
4:32 of 2nd period - Christian Thomas is hit by Mirco Mueller.
5:53 of 2nd period - Patrick Wey is hit by Mark Jankowski and loses puck.
6:06 of 2nd period - Nail Yakupov is hit by Timo Meier and loses puck.
6:21 of 2nd period - Carl Gunnarsson is hit by Valentin Zykov and loses puck.
6:26 of 2nd period - Wrist shot by Valentin Zykov.
6:26 of 2nd period - Shot Misses the Net.
6:30 of 2nd period - Snap shot by Valentin Zykov.
6:30 of 2nd period - Shot Blocked by Frederik Gauthier.
6:32 of 2nd period - Slapshot by Patrick Wey.
6:32 of 2nd period - Shot Blocked by Carl Gunnarsson.
6:44 of 2nd period - Mark Jankowski is hit by Brett Pesce and loses puck.
7:28 of 2nd period - Backhand shot by Sam Reinhart.
7:28 of 2nd period - Shot Blocked by Erik Cernak.
7:34 of 2nd period - Frederik Gauthier is hit by Brandon Montour.
7:55 of 2nd period - Icing by Nail Yakupov.
7:56 of 2nd period - Tyler Bozak wins face-off versus Jack Roslovic in Condors zone.
8:01 of 2nd period - Snap shot by Jack Roslovic.
8:01 of 2nd period - Shot Misses the Net.
8:03 of 2nd period - Snap shot by Valentin Zykov.
8:03 of 2nd period - Stopped by Mike Smith with a rebound.
8:09 of 2nd period - Wrist shot by Valentin Zykov.
8:09 of 2nd period - Stopped by Mike Smith with a rebound.
8:11 of 2nd period - Slapshot by Jack Roslovic.
8:11 of 2nd period - Stopped by Mike Smith with a rebound.
8:13 of 2nd period - Wrist shot by Brandon Montour.
8:13 of 2nd period - Stopped by Mike Smith without a rebound.
8:14 of 2nd period - Frederik Gauthier wins face-off versus Devin Shore in Condors zone.
8:55 of 2nd period - Snap shot by Mark Jankowski.
8:55 of 2nd period - Stopped by Joonas Korpisalo with a rebound.
9:16 of 2nd period - Wrist shot by Teemu Hartikainen.
9:16 of 2nd period - Goal by Teemu Hartikainen - Sasquatch : 2 - Condors : 0.
9:17 of 2nd period - Tyler Bozak wins face-off versus Jujhar Khaira in neutral zone.
9:43 of 2nd period - Mirco Mueller is hit by Carl Gunnarsson and loses puck.
10:14 of 2nd period - Sam Reinhart is hit by Chris Bigras and loses puck.
10:31 of 2nd period - Wrist shot by Daniel Zaar.
10:31 of 2nd period - Goal by Daniel Zaar - Sasquatch : 2 - Condors : 1.
10:32 of 2nd period - Devin Shore wins face-off versus Tyler Bozak in neutral zone.
10:57 of 2nd period - T.J. Tynan is hit by Andrew Mangiapane and loses puck.
11:08 of 2nd period - Mikko Lehtonen is hit by Petr Straka and loses puck.
11:23 of 2nd period - Wrist shot by Sergey Kalinin.
11:23 of 2nd period - Goal by Sergey Kalinin - Sasquatch : 3 - Condors : 1.
11:24 of 2nd period - Devin Shore wins face-off versus Tyler Bozak in neutral zone.
11:28 of 2nd period - Icing by Anton Slepyshev.
11:29 of 2nd period - Devin Shore wins face-off versus Anton Slepyshev in Condors zone.
11:44 of 2nd period - Snap shot by Tyler Bozak.
11:44 of 2nd period - Stopped by Joonas Korpisalo without a rebound.
11:45 of 2nd period - Frederik Gauthier wins face-off versus T.J. Tynan in Sasquatch zone.
11:46 of 2nd period - Wrist shot by Mikko Lehtonen.
11:46 of 2nd period - Shot Misses the Net.
11:56 of 2nd period - Wrist shot by Petr Straka.
11:56 of 2nd period - Goal by Petr Straka - Sasquatch : 4 - Condors : 1.
11:56 of 2nd period - Mark Visentin enters game.
11:57 of 2nd period - Devin Shore wins face-off versus Tyler Bozak in neutral zone.
12:08 of 2nd period - Wrist shot by Brandon Montour.
12:08 of 2nd period - Stopped by Mark Visentin with a rebound.
12:10 of 2nd period - Slapshot by Brandon Montour.
12:10 of 2nd period - Stopped by Mark Visentin with a rebound.
12:12 of 2nd period - Snap shot by Patrick Wey.
12:12 of 2nd period - Shot Blocked by Carl Gunnarsson.
12:24 of 2nd period - Snap shot by Teemu Hartikainen.
12:24 of 2nd period - Stopped by Mark Visentin without a rebound.
12:25 of 2nd period - Sergey Kalinin wins face-off versus Frederik Gauthier in Condors zone.
12:26 of 2nd period - Wrist shot by Sam Reinhart.
12:26 of 2nd period - Stopped by Mark Visentin without a rebound.
12:27 of 2nd period - Sergey Kalinin wins face-off versus Frederik Gauthier in Condors zone.
13:01 of 2nd period - Off-side.
13:02 of 2nd period - T.J. Tynan wins face-off versus Tyler Bozak in neutral zone.
13:11 of 2nd period - Backhand shot by Anton Slepyshev.
13:11 of 2nd period - Stopped by Joonas Korpisalo with a rebound.
13:13 of 2nd period - Slapshot by Eric Gustafsson.
13:13 of 2nd period - Stopped by Joonas Korpisalo with a rebound.
13:15 of 2nd period - Snap shot by Tyler Bozak.
13:15 of 2nd period - Shot Misses the Net.
13:53 of 2nd period - Snap shot by Christian Thomas.
13:53 of 2nd period - Stopped by Joonas Korpisalo without a rebound.
13:54 of 2nd period - T.J. Tynan wins face-off versus Tyler Bozak in Sasquatch zone.
14:20 of 2nd period - Andrew Mangiapane is hit by Mirco Mueller and loses puck.
14:29 of 2nd period - Timo Meier is hit by Andrew Mangiapane and loses puck.
14:48 of 2nd period - Slapshot by Mark Jankowski.
14:48 of 2nd period - Stopped by Joonas Korpisalo with a rebound.
14:50 of 2nd period - Slapshot by Carl Gunnarsson.
14:50 of 2nd period - Shot Blocked by Brett Pesce.
15:06 of 2nd period - Snap shot by Valentin Zykov.
15:06 of 2nd period - Stopped by Mark Visentin without a rebound.
15:07 of 2nd period - Tyler Bozak wins face-off versus Devin Shore in Condors zone.
15:07 of 2nd period - Tyler Bozak is hit by Timo Meier.
15:24 of 2nd period - Minor Penalty to Brandon Montour for Roughing.
15:25 of 2nd period - Tyler Bozak wins face-off versus Sergey Kalinin in Sasquatch zone.
15:25 of 2nd period - Wrist shot by Anton Slepyshev.
15:25 of 2nd period - Shot Blocked by Martin Marincin.
15:37 of 2nd period - Sergey Kalinin is hit by Carl Gunnarsson and loses puck.
15:56 of 2nd period - Slapshot by Eric Gustafsson.
15:56 of 2nd period - Deflect By Teemu Hartikainen.
15:56 of 2nd period - Stopped by Joonas Korpisalo with a rebound.
15:58 of 2nd period - Wrist shot by Frederik Gauthier.
15:58 of 2nd period - Stopped by Joonas Korpisalo with a rebound.
16:00 of 2nd period - Slapshot by Carl Gunnarsson.
16:00 of 2nd period - Shot Misses the Net.
16:02 of 2nd period - Slapshot by Carl Gunnarsson.
16:02 of 2nd period - Deflect By Mikko Lehtonen.
16:02 of 2nd period - Goal by Mikko Lehtonen - Sasquatch : 4 - Condors : 2.
16:03 of 2nd period - Devin Shore wins face-off versus Tyler Bozak in neutral zone.
16:10 of 2nd period - Wrist shot by Tyler Bozak.
16:10 of 2nd period - Stopped by Joonas Korpisalo without a rebound.
16:11 of 2nd period - Nail Yakupov wins face-off versus Devin Shore in Sasquatch zone.
16:14 of 2nd period - Wrist shot by Tyler Bozak.
16:14 of 2nd period - Stopped by Joonas Korpisalo without a rebound.
16:15 of 2nd period - Tyler Bozak wins face-off versus Devin Shore in Sasquatch zone.
16:22 of 2nd period - Slapshot by Tyler Bozak.
16:22 of 2nd period - Stopped by Joonas Korpisalo with a rebound.
16:40 of 2nd period - Brandon Montour is hit by Mikko Lehtonen and loses puck.
17:03 of 2nd period - Snap shot by Teemu Hartikainen.
17:03 of 2nd period - Stopped by Mark Visentin with a rebound.
17:05 of 2nd period - Snap shot by Sam Reinhart.
17:05 of 2nd period - Shot Misses the Net.
17:07 of 2nd period - Snap shot by Teemu Hartikainen.
17:07 of 2nd period - Shot Misses the Net.
17:11 of 2nd period - Snap shot by Teemu Hartikainen.
17:11 of 2nd period - Stopped by Mark Visentin without a rebound.
17:12 of 2nd period - Devin Shore wins face-off versus Tyler Bozak in Condors zone.
17:52 of 2nd period - Snap shot by Mikko Lehtonen.
17:52 of 2nd period - Shot Misses the Net.
18:10 of 2nd period - Wrist shot by Petr Straka.
18:10 of 2nd period - Goal by Petr Straka - Sasquatch : 5 - Condors : 2.
18:11 of 2nd period - Devin Shore wins face-off versus Tyler Bozak in neutral zone.
18:20 of 2nd period - Backhand shot by Nail Yakupov.
18:20 of 2nd period - Deflect By Anton Slepyshev.
18:20 of 2nd period - Stopped by Joonas Korpisalo without a rebound.
18:21 of 2nd period - Devin Shore wins face-off versus Tyler Bozak in Sasquatch zone.
18:42 of 2nd period - Snap shot by Anton Slepyshev.
18:42 of 2nd period - Stopped by Joonas Korpisalo without a rebound.
18:43 of 2nd period - T.J. Tynan wins face-off versus Frederik Gauthier in Sasquatch zone.
19:13 of 2nd period - Tyler Bozak is hit by Martin Marincin and loses puck.
19:56 of 2nd period - Wrist shot by Andrew Mangiapane.
19:56 of 2nd period - Stopped by Joonas Korpisalo without a rebound.
19:57 of 2nd period - Frederik Gauthier wins face-off versus Devin Shore in Sasquatch zone.
Goals for this period are 4 for Sasquatch vs 2 for Condors.
Shots for this period are 16 for Sasquatch vs 18 for Condors.

3rd period


0:01 of 3rd period - Timo Meier wins face-off versus Tyler Bozak in neutral zone.
0:26 of 3rd period - Frederik Gauthier is hit by Petr Straka and loses puck.
0:34 of 3rd period - Off-side.
0:35 of 3rd period - Alex Iafallo wins face-off versus Tyler Bozak in neutral zone.
1:00 of 3rd period - Chris Bigras is hit by Timo Meier and loses puck.
1:23 of 3rd period - Snap shot by Mikko Lehtonen.
1:23 of 3rd period - Stopped by Joonas Korpisalo with a rebound.
1:25 of 3rd period - Wrist shot by Christian Thomas.
1:25 of 3rd period - Shot Blocked by Sergey Kalinin.
2:25 of 3rd period - Eric Gustafsson is hit by Patrick Wey and loses puck.
2:44 of 3rd period - Wrist shot by Jack Roslovic.
2:44 of 3rd period - Stopped by Mark Visentin with a rebound.
2:46 of 3rd period - Snap shot by Hudson Fasching.
2:46 of 3rd period - Shot Misses the Net.
2:48 of 3rd period - Wrist shot by Jack Roslovic.
2:48 of 3rd period - Shot Misses the Net.
2:50 of 3rd period - Wrist shot by Valentin Zykov.
2:50 of 3rd period - Stopped by Mark Visentin with a rebound.
2:54 of 3rd period - Wrist shot by Jack Roslovic.
2:54 of 3rd period - Shot Misses the Net.
3:26 of 3rd period - Snap shot by Brandon Montour.
3:26 of 3rd period - Stopped by Mark Visentin with a rebound.
3:57 of 3rd period - Icing by Christian Thomas.
3:58 of 3rd period - Mark Jankowski wins face-off versus Devin Shore in Condors zone.
4:03 of 3rd period - Devin Shore is hit by Christian Thomas and loses puck.
4:40 of 3rd period - Slapshot by Chris Bigras.
4:40 of 3rd period - Deflect By Andrew Mangiapane.
4:40 of 3rd period - Shot Blocked by Teemu Hartikainen.
4:40 of 3rd period - Puck is out of play.
4:41 of 3rd period - Frederik Gauthier wins face-off versus Sergey Kalinin in Sasquatch zone.
5:06 of 3rd period - Dmitri Orlov is hit by Christian Thomas and loses puck.
5:15 of 3rd period - Devin Shore is hit by Alex Tuch and loses puck.
5:26 of 3rd period - Wrist shot by Tyler Bozak.
5:26 of 3rd period - Stopped by Joonas Korpisalo with a rebound.
5:28 of 3rd period - Slapshot by Carl Gunnarsson.
5:28 of 3rd period - Shot Blocked by Mirco Mueller.
5:30 of 3rd period - Slapshot by Eric Gustafsson.
5:30 of 3rd period - Stopped by Joonas Korpisalo without a rebound.
5:31 of 3rd period - T.J. Tynan wins face-off versus Frederik Gauthier in Sasquatch zone.
5:56 of 3rd period - Zac Leslie is hit by Petr Straka and loses puck.
6:21 of 3rd period - Wrist shot by Mikko Lehtonen.
6:21 of 3rd period - Deflect By Andrew Mangiapane.
6:21 of 3rd period - Shot Misses the Net.
6:21 of 3rd period - Puck is out of play.
6:22 of 3rd period - Timo Meier wins face-off versus Tyler Bozak in Sasquatch zone.
6:33 of 3rd period - Wrist shot by Anton Slepyshev.
6:33 of 3rd period - Stopped by Joonas Korpisalo with a rebound.
6:35 of 3rd period - Snap shot by Nail Yakupov.
6:35 of 3rd period - Stopped by Joonas Korpisalo with a rebound.
6:37 of 3rd period - Slapshot by Eric Gustafsson.
6:37 of 3rd period - Deflect By Devin Shore.
6:37 of 3rd period - Stopped by Joonas Korpisalo with a rebound.
7:14 of 3rd period - Snap shot by Jack Roslovic.
7:14 of 3rd period - Stopped by Mark Visentin with a rebound.
7:36 of 3rd period - C.J Suess is hit by Devin Shore and loses puck.
7:52 of 3rd period - Off-side.
7:53 of 3rd period - Sergey Kalinin wins face-off versus Mark Jankowski in neutral zone.
7:58 of 3rd period - Snap shot by Teemu Hartikainen.
7:58 of 3rd period - Deflect By Sam Reinhart.
7:58 of 3rd period - Stopped by Mark Visentin with a rebound.
8:27 of 3rd period - Off-side.
8:28 of 3rd period - T.J. Tynan wins face-off versus Frederik Gauthier in neutral zone.
9:23 of 3rd period - Minor Penalty to Mark Jankowski for Elbowing.
9:24 of 3rd period - Tyler Bozak wins face-off versus Devin Shore in Condors zone.
9:40 of 3rd period - Snap shot by Valentin Zykov.
9:40 of 3rd period - Shot Misses the Net.
10:02 of 3rd period - Wrist shot by Jujhar Khaira.
10:02 of 3rd period - Deflect By Petr Straka.
10:02 of 3rd period - Stopped by Mark Visentin with a rebound.
11:23 of 3rd period - Penalty to Mark Jankowski is over, Mark Jankowski is back on ice.
12:28 of 3rd period - Mirco Mueller is hit by Alex Tuch and loses puck.
13:26 of 3rd period - Jujhar Khaira is hit by Mark Jankowski and loses puck.
13:53 of 3rd period - Christian Thomas is hit by Brett Pesce and loses puck.
14:27 of 3rd period - Icing by Jack Roslovic.
14:28 of 3rd period - T.J. Tynan wins face-off versus Tyler Bozak in Sasquatch zone.
14:51 of 3rd period - Snap shot by Timo Meier.
14:51 of 3rd period - Stopped by Mark Visentin with a rebound.
15:09 of 3rd period - Nail Yakupov is hit by Mirco Mueller and loses puck.
15:24 of 3rd period - Snap shot by Mark Jankowski.
15:24 of 3rd period - Shot Misses the Net.
16:16 of 3rd period - C.J Suess is hit by Timo Meier and loses puck.
16:27 of 3rd period - Daniel Zaar is hit by Dmitri Orlov and loses puck.
16:38 of 3rd period - C.J Suess is hit by Sergey Kalinin and loses puck.
17:09 of 3rd period - Slapshot by Eric Gustafsson.
17:09 of 3rd period - Shot Misses the Net.
17:11 of 3rd period - Slapshot by Eric Gustafsson.
17:11 of 3rd period - Shot Misses the Net.
17:13 of 3rd period - Slapshot by C.J Suess.
17:13 of 3rd period - Shot Misses the Net.
17:19 of 3rd period - Wrist shot by Daniel Zaar.
17:19 of 3rd period - Stopped by Joonas Korpisalo with a rebound.
17:29 of 3rd period - Slapshot by Daniel Zaar.
17:29 of 3rd period - Stopped by Joonas Korpisalo with a rebound.
17:31 of 3rd period - Slapshot by Brett Lernout.
17:31 of 3rd period - Stopped by Joonas Korpisalo with a rebound.
17:41 of 3rd period - Snap shot by Daniel Zaar.
17:41 of 3rd period - Stopped by Joonas Korpisalo with a rebound.
17:43 of 3rd period - Slapshot by Brett Lernout.
17:43 of 3rd period - Stopped by Joonas Korpisalo with a rebound.
17:45 of 3rd period - Wrist shot by Daniel Zaar.
17:45 of 3rd period - Goal by Daniel Zaar - Sasquatch : 5 - Condors : 3.
17:46 of 3rd period - Tyler Bozak wins face-off versus Sergey Kalinin in neutral zone.
18:07 of 3rd period - Minor Penalty to Tyler Bozak for Holding.
18:08 of 3rd period - Nick Merkley wins face-off versus Devin Shore in Condors zone.
19:51 of 3rd period - Patrick Wey is hit by Eric Gustafsson and loses puck.
Goals for this period are 0 for Sasquatch vs 1 for Condors.
Shots for this period are 7 for Sasquatch vs 12 for Condors.